 Dungeon Crawl Stone Soup version 0.27.1-34-g3ba077fa99 (webtiles) character file.

Game seed: 16408031149749327934

13 Karpo the Sneak (level 2, -1/13 HPs)
             Began as a Spriggan Enchanter on Jan 19, 2022.
             Succumbed to a gnoll's poison
             ... on level 1 of the Dungeon.
             The game lasted 00:03:35 (1553 turns).

Karpo the Sneak (Spriggan Enchanter)                Turns: 1553, Time: 00:03:35

Health: -1/13      AC:  2    Str:  4    XL:     2   Next: 24%
Magic:  6/6        EV: 17    Int: 16    God:
Gold:   99         SH:  0    Dex: 15    Spells: 3/6 levels left

rFire    . . .     SeeInvis +   a - +1 dagger
rCold    . . .     Faith    .   (shield restricted)
rNeg     . . .     Spirit   .   b - +0 robe
rPois    .         Reflect  .   (helmet restricted)
rElec    .         Harm     .   (no cloak)
rCorr    .         Rampage  .   (gloves unavailable)
Will     .....                  (boots unavailable)
Stlth    +++.......             (no amulet)
HPRegen  0.04/turn              (no ring)
MPRegen  0.10/turn              (no ring)

@: lethally poisoned (-1 -> -10), very quick
A: very small, no large weapons, unfitting armour, see invisible, speed 3
a: no special abilities


You were on level 1 of the Dungeon.
You visited 1 branch of the dungeon, and saw 2 of its levels.

You collected 99 gold pieces.

Inventory:

Hand Weapons
 a - a +1 dagger (weapon)
 c - a +0 short sword
Armour
 b - a +0 robe (worn)
Wands
 f - a wand of digging (2)
Scrolls
 g - a scroll of teleportation {unknown}
 i - a scroll of brand weapon {unknown}
Potions
 d - a potion of heal wounds {unknown}
 e - a potion of curing {unknown}
 h - a potion of flight {unknown}


   Skills:
 + Level 2.0 Short Blades
 - Level 2.6 Dodging
 + Level 5.1 Stealth
 - Level 2.6 Spellcasting
 - Level 3.6 Hexes


You had 3 spell levels left.
You knew the following spells:

 Your Spells              Type           Power      Damage    Failure   Level
a - Corona                Hex            14%        N/A       4%          1
b - Ensorcelled Hibernat  Hex/Ice        14%        N/A       14%         2

Your spell library contained the following spells:

 Spells                   Type           Power      Damage    Failure   Level
 Confusing Touch          Hex            13%        N/A       13%         3
 Tukima's Dance           Hex            13%        N/A       13%         3
 Dazzling Flash           Conj/Hex       14%        N/A       28%         3


Dungeon Overview and Level Annotations

Branches:
Dungeon (2/15)

Altars:


Innate Abilities, Weirdness & Mutations

You are very small and have problems with some larger weapons.
You are too small for most types of armour.
You have supernaturally acute eyesight. (SInv)
You cover ground extremely quickly. (Speed+++)


Message History

The ball python hisses angrily.
The helpless hobgoblin fails to defend itself.
You impale the hobgoblin!!
You kill the hobgoblin!
Your Short Blades skill increases to level 2!
You see here a hobgoblin corpse.
You see here a hobgoblin corpse.
The ball python bites you. The ball python grabs you.
The ball python constricts you.
You hit the ball python.
The ball python is moderately wounded.
The ball python barely misses you. The ball python constricts you.
You closely miss the ball python.
The ball python is moderately wounded.
The ball python bites you. The ball python constricts you.
You hit the ball python but do no damage.
The ball python is moderately wounded.
The ball python closely misses you. The ball python constricts you.
You escape the ball python's grasp.
You see here a hobgoblin corpse.
You start resting.
HP restored.
Found a spear.
There is an open door here.
There is an open door here.
A gnoll comes into view. It is wielding a +1 whip of venom.
The gnoll misses you.
You hit the gnoll.
The gnoll is lightly wounded.
The gnoll hits you with a +1 whip of venom.
You are lethally poisoned!
You hit the gnoll.
The gnoll is lightly wounded.
You feel very sick. The gnoll misses you.
* * * LOW HITPOINT WARNING * * *
You feel sick.
* * * LOW HITPOINT WARNING * * *
You feel sick.
You die...

#.################ #.#
..# #.##... ###.##..###
##....##
#####.......#..##..#####
####...........##....##
## ...........##..#
##...####.
.......g...##..#
#.......
####.###...##..#
##†###.#
###@##..######'# #..
#.##..##..##.# ##.
#.....'.###.## ##
#.#####.#...####### #
#.........#..).#
#..####.##.###.#
##..####.##.# #.#
...........# #.#
#..#####.#.# #.#


You could see a gnoll.

Vanquished Creatures
  A dart slug (D:1)
  An endoplasm (D:1)
  A goblin (D:1)
  3 hobgoblins (D:1)
  A bat (D:1)
  A frilled lizard (D:1)
  A kobold (D:1)
  2 rats (D:1)
11 creatures vanquished.

Vanquished Creatures (others)
  7 plants (D:1)
7 creatures vanquished.

Grand Total: 18 creatures vanquished

Notes
Turn   | Place    | Note
-------+----------+-------------------------------------------
     0 | D:1      | Karpo the Spriggan Enchanter began the quest for the Orb.
     0 | D:1      | Reached XP level 1. HP: 9/9 MP: 5/5
   881 | D:1      | Found a faded altar of an unknown god.
  1076 | D:1      | Reached skill level 5 in Stealth
  1076 | D:1      | Reached XP level 2. HP: 13/13 MP: 6/6
  1079 | D:1      | Learned a level 2 spell: Ensorcelled Hibernation
  1553 | D:1      | Succumbed to a gnoll's poison

Illustrated notes

Levels and vault maps discovered:
D:1:      dpeg_arrival_round_a, layout_loops_ring,
          hellmonk_ecumenical_altar_lost_god, serial_bayou_pond_c,
          minmay_misc_feat_ornament
D:2:      layout_loops_ring, basic_altar

Skill      XL: |  1  2 |
---------------+-------+-----
Stealth        | 5 |  5.1
Short Blades   | 2 |  2.0
Dodging        | |  2.6
Spellcasting   | |  2.6
Hexes          | |  3.6

Action                   || total
-------------------------++-------
Melee: Dagger            ||    36
 Stab: Sleeping          ||     6
Armor: Robe              ||     2
Dodge: Dodged            ||    16
